 Dungeon Crawl Stone Soup version 0.26.0-16-gc1dbca0489 (webtiles) character file.

Game seed: 1351307548384980103

16051 EnegeticOcto the Cleaver (level 12, -10/59 (63) HPs)
             Began as a Vine Stalker Arcane Marksman on Jan 19, 2021.
             Was a High Priest of Kikubaaqudgha.
             Mangled by an ettin
             ... wielding a +0 dire flail
              (16 damage)
             ... on level 1 of the Orcish Mines.
             The game lasted 00:14:52 (12127 turns).

EnegeticOcto the Cleaver (VSAM)                    Turns: 12127, Time: 00:14:53

HP:   -10/59 (63)   AC: 16    Str: 21    XL:     12   Next: 33%
MP:   0/23          EV: 10    Int: 13    God:    Kikubaaqudgha [*****.]
Gold: 969           SH:  5    Dex: 18    Spells: 13/13 levels left

rFire    + . .     SeeInvis +   D - +7 war axe
rCold    . . .     Faith    .   (no shield)
rNeg     . . .     Spirit   +   i - +0 chain mail
rPois    +         Reflect  +   m - +2 helmet
rElec    +         Harm     .   e - +0 cloak
rCorr    .         Rampage  .   o - +1 pair of gloves
Will     ++...                  (no boots)
Stlth    ..........             w - amulet "Dintoq" {Reflect +Blink Will+ Dex+3 SH+5 SInv}
HPRegen  0.99/turn              q - ring "Iteubb" {rElec rPois rF+ Str+3, =R}
MPRegen  0.18/turn              H - ring of magical power

@: marked, drained
A: fangs 3, regeneration 2, magic shield, antimagic bite, no potion heal 3
a: Renounce Religion, Evoke Blink, Receive Corpses, Torment


You were on level 1 of the Orcish Mines.
You worshipped Kikubaaqudgha.
Kikubaaqudgha was extremely pleased with you.
You visited 3 branches of the dungeon, and saw 13 of its levels.
You also visited: Sewer.

You collected 969 gold pieces.

Inventory:

Hand Weapons
 j - a +2 hand axe of venom
   (You found it on level 2 of the Dungeon)
 x - a cursed +0 broad axe
   (You took it off Maggie on level 7 of the Dungeon)
 D - a +7 war axe (weapon)
   (You took it off a wight on level 7 of the Dungeon)
Missiles
 d - 4 throwing nets (quivered) {!f}
Armour
 e - a +0 cloak (worn)
   (You found it on level 3 of the Dungeon)
 i - a +0 chain mail (worn)
   (You took it off an orc on level 3 of the Dungeon)
 m - a +2 helmet (worn)
   (You took it off Robin on level 2 of the Dungeon)
 o - a +1 pair of gloves (worn)
   (You found it on level 4 of the Dungeon)
 z - a scarf of resistance
   (You found it on level 9 of the Dungeon)
Jewellery
 q - the ring "Iteubb" (left hand) {rElec rPois rF+ Str+3, =R}
   (You found it on level 4 of the Dungeon)

   [ring of poison resistance]

   It affects your strength (+3).
   It protects you from fire.
   It insulates you from electricity.
   It protects you from poison.
 r - an uncursed ring of protection from cold
   (You found it on level 4 of the Dungeon)
 w - the amulet "Dintoq" (around neck) {Reflect +Blink Will+ Dex+3 SH+5 SInv}
   (You found it on level 5 of the Dungeon)

   [amulet of reflection]

   It shields you and reflects attacks.
   It affects your dexterity (+3).
   It affects your willpower, your defense against some magical effects.
   It lets you see invisible.
   It lets you blink.
   It affects your SH (+5).
 H - a ring of magical power (right hand)
   (You found it on level 9 of the Dungeon)
Wands
 G - a wand of enslavement (6)
   (You found it on level 11 of the Dungeon)
Scrolls
 b - 9 scrolls of teleportation {@r3 !r}
 g - 2 scrolls of fear {!r}
 h - 2 scrolls of immolation
 k - 3 scrolls of magic mapping {@r5 !r}
 t - 5 scrolls of remove curse {@r2}
 y - a scroll of torment {unknown}
 B - 3 scrolls of fog {!r}
 C - 2 scrolls of vulnerability
Potions
 a - a potion of ambrosia {unknown}
 c - 8 potions of curing {@q1 !q}
 f - a potion of magic
 l - 5 potions of lignification {@q6}
 n - 2 potions of flight
 p - a potion of degeneration {unknown}
 s - 3 potions of attraction
 u - 7 potions of heal wounds {unknown}
 v - 3 potions of might {unknown}
 A - 5 potions of brilliance {unknown}
 E - a potion of haste {unknown}
 F - a potion of resistance {unknown}


   Skills:
 + Level 7.0 Fighting
 * Level 14.7 Axes
 - Level 1.7 Crossbows
 + Level 4.0 Armour
 + Level 4.5 Dodging
 - Level 1.1 Spellcasting
 - Level 3.0 Hexes


You had 13 spell levels left.
You didn't know any spells.
Your spell library contained the following spells:

 Spells                   Type           Power        Failure   Level
 Corona                   Hex            8%           58%         1
 Slow                     Hex            8%           73%         2
 Ensorcelled Hibernation  Hex/Ice        8%           90%         2
 Confusing Touch          Hex            8%           91%         3
 Tukima's Dance           Hex            8%           91%         3
 Animate Skeleton         Necr           0%           94%         1
 Pain                     Necr           0%           94%         1
 Sandblast                Erth           0%           94%         1
 Passwall                 Tmut/Erth      0%           98%         2
 Sublimation of Blood     Necr           0%           98%         2
 Dazzling Flash           Conj/Hex       8%           99%         3
 Inner Flame              Hex/Fire       4%           99%         3
 Portal Projectile        Hex/Tloc       8%           99%         3
 Stone Arrow              Conj/Erth      0%           100%        3
 Vampiric Draining        Necr           0%           100%        3
 Cause Fear               Hex            4%           100%        4
 Dispel Undead            Necr           0%           100%        4
 Leda's Liquefaction      Hex/Erth       2%           100%        4
 Petrify                  Tmut/Erth      0%           100%        4
 Agony                    Necr           0%           100%        5
 Borgnjor's Vile Clutch   Necr/Erth      0%           100%        5
 Lee's Rapid Deconstruct  Erth           0%           100%        5
 Death Channel            Necr           0%           100%        6
 Simulacrum               Ice/Necr       0%           100%        6


Dungeon Overview and Level Annotations

Branches:
Dungeon (11/15)            Temple (1/1) D:4            Lair (0/6) D:9
    Orc (1/2) D:9           Sewer (visited)

Altars:
Ashenzari
Cheibriados
Dithmenos
Elyvilon
Fedhas
Gozag
Hepliaklqana
Kikubaaqudgha
Makhleb
Nemelex Xobeh
Okawaru
Qazlal
Ru
Sif Muna
Trog
Uskayaw
Vehumet
Wu Jian
Xom
Yredelemnul
Zin
The Shining One

Shops:
D:7 *

Portals:
Trove: D:10 (give +4 demon whip)

Annotations:
D:4 exclusion: door
D:11 Gastronok


Innate Abilities, Weirdness & Mutations

You have razor-sharp teeth.
You heal very quickly.
When hurt, damage is shared between your health and your magic reserves.
Your bite disrupts and absorbs the magic of your enemies.
Potions cannot restore your health.


Message History

The orc is moderately wounded.
The orc barely misses you.
You slice the orc!!
You kill the orc!
Kikubaaqudgha accepts your kill.
You hit the orc. The orc barely misses you.
Your chain mail prevents you from hitting the orc.
You bite the orc. You drain its power.
You feel invigorated.
The orc is almost dead.
You slash the orc wizard!
The orc wizard hits you but does no damage.
The orc hits you but does no damage.
You slash the orc!
You kill the orc!
Kikubaaqudgha accepts your kill.
You barely miss the orc wizard. You slice the orc wizard!!
You kill the orc wizard!
Kikubaaqudgha accepts your kill.
You hit the orc warrior.
The orc warrior hits you with a +0 battleaxe.
You barely miss the orc warrior. Your bite misses the orc warrior.
The orc warrior is lightly wounded.
You slice the orc warrior!!
You bite the orc warrior, but do no damage.
The orc warrior is almost dead.
The orc warrior closely misses you.
You hit the orc warrior.
You kill the orc warrior!
Kikubaaqudgha accepts your kill.
You slice the ogre!! You bite the ogre. You drain its power.
You feel invigorated.
The ogre is almost dead.
You barely miss the ogre. You bite the ogre.
You kill the ogre!
Kikubaaqudgha accepts your kill.
No target in view!
No target in view!
No target in view!
No target in view!
No target in view!
No target in view!
No target in view!
No target in view!
No target in view!
No target in view!
No target in view!
No target in view!
No target in view!
Found 29 gold pieces.
Items here: )) [ †.
You now have 946 gold pieces (gained 8).
Items here: ( ))) [ ††.
You now have 969 gold pieces (gained 23).
There is a stone staircase leading down here.
You set off the alarm!
A sentinel's mark forms upon you.
You hear a shout! x3; You hear two shouts!
You hear a shout! x6
An orc wizard comes into view. It is wielding a +0 dagger.
Found 37 gold pieces.
An orc wizard is nearby!
An orc wizard is nearby!
An orc wizard comes into view. It is wielding a +0 dagger.
The orc wizard points at you and mumbles some strange words.
The puff of flame hits you. You resist.
Found 14 gold pieces.
Found a stone staircase leading down.
An orc, an orc wizard and a troll come into view.
An ettin comes into view.
It is wielding a +0 dire flail and a +2 dire flail of draining.
Found 29 gold pieces. 2 orcs come into view.
You slash the orc wizard!
The orc wizard is almost dead.
An orc warrior comes into view. It is wielding a +0 hand axe.
You slice the orc wizard!!
You kill the orc wizard!
Kikubaaqudgha accepts your kill.
You slash the orc wizard!
You bite the orc wizard, but do no damage.
The orc wizard is heavily wounded.
The orc wizard mumbles some strange words.
The orc wizard blinks!
The orc wizard hits you but does no damage.
You closely miss the orc wizard.
You bite the orc wizard, but do no damage.
The orc wizard is heavily wounded.
You slash the orc wizard!
You kill the orc wizard!
Kikubaaqudgha accepts your kill.
You hit the troll. The troll misses you. You block the troll's attack.
The troll claws you.
You barely miss the troll.
The troll is lightly wounded.
You hit the ettin but do no damage. You hit the orc.
The orc hits you but does no damage.
The ettin hits you with a +0 dire flail!!
The ettin hits you with a +2 dire flail of draining!!!
* * * LOW HITPOINT WARNING * * *
You feel drained.
You die...
Kikubaaqudgha rasps: "You have failed me!
Welcome... death!"

..##...## ........#.#.
...........##
......o.....# ###
........##.####.##
.....§......##...##
....o.oC.....#..^.####
.>..#o@.............###
.$....T..........)....##
....$.o....>.#...)#.....
........................
..$.##..................
....#...................
.........$.............#
....#.....$.............
###................#..


You could see an ettin, a troll, an orc warrior, an orc wizard and 3 orcs.

Vanquished Creatures
  Harold (D:10)
  3 skeletal warriors (D:11)
  An unseen horror (D:10)
  A deep elf mage (D:11)
  2 ugly things (D:10)
  A cyclops (D:11)
  Psyche (D:10)
  A centaur zombie (D:11)
  4 gargoyles (D:10)
  Maggie (D:7)
  3 trolls
  Prince Ribbit (D:9)
  4 yaks (D:9)
  Eustachio (D:4)
  A vampire mosquito (D:10)
  2 wargs (D:9)
  A water moccasin (D:9)
  2 ice beasts
  15 orc warriors
  A black bear (D:10)
  4 sky beasts
  4 phantoms
  A necrophage (D:10)
  3 centaurs
  4 ogres
  A big kobold (D:10)
  12 bullfrogs
  2 scorpions
  7 killer bees
  21 wights
  5 howler monkeys
  2 bullfrog zombies
  3 bullfrog skeletons (D:5)
  4 hounds
  3 centaur skeletons
  9 orc priests
  3 jellies
  21 orc wizards
  3 iguanas
  Terence (D:3)
  10 worker ants
  Natasha (thrice) (D:2)
  A killer bee zombie (D:7)
  A hound zombie (D:10)
  A hound skeleton (D:5)
  A howler monkey zombie (D:10)
  2 worker ant zombies
  Robin (D:2)
  9 gnolls
  A howler monkey skeleton (D:10)
  10 adders
  2 river rats
  3 shadow imps
  3 white imps
  2 ufetubi
  3 oozes
  2 adder skeletons
  5 worms
  3 dart slugs
  3 leopard geckos
  79 orcs
  3 ball pythons (Sewer)
  8 bats
  7 giant cockroaches
  7 goblins
  9 hobgoblins
  15 jackals
  2 quokkas
  12 frilled lizards
  4 kobolds
  A leopard gecko skeleton (D:6)
  2 quokka zombies (D:5)
  10 rats
385 creatures vanquished.

Vanquished Creatures (others)
  A quokka (D:7)
1 creature vanquished.

Grand Total: 386 creatures vanquished

Notes
Turn   | Place    | Note
-------+----------+-------------------------------------------
     0 | D:1      | EnegeticOcto the Vine Stalker Arcane Marksman began the
                  | quest for the Orb.
     0 | D:1      | Reached XP level 1. HP: 9/9 MP: 3/3
    54 | D:1      | Reached skill level 1 in Fighting
   176 | D:1      | Reached XP level 2. HP: 15/15 MP: 4/4
   196 | D:1      | Reached skill level 2 in Fighting
   371 | D:1      | Reached XP level 3. HP: 10/19 MP: 1/5
   854 | D:2      | Reached skill level 3 in Fighting
   862 | D:2      | Gained mutation: Your natural rate of healing is unusually
                  | fast. [Vine Stalker growth]
   862 | D:2      | Reached XP level 4. HP: 12/24 MP: 3/6
   922 | D:2      | Noticed Natasha
   938 | D:2      | Killed Natasha
   988 | D:2      | Noticed Natasha
   994 | D:2      | Killed Natasha
   995 | D:2      | Reached skill level 1 in Axes
  1044 | D:2      | Reached skill level 4 in Fighting
  1044 | D:2      | Reached XP level 5. HP: 29/29 MP: 5/7
  1132 | D:2      | Noticed Natasha
  1139 | D:2      | Killed Natasha
  1140 | D:2      | Reached skill level 2 in Axes
  1477 | D:2      | Noticed Robin
  1488 | D:2      | Killed Robin
  1574 | D:2      | Found a faded altar of an unknown god.
  1804 | D:3      | Noticed Terence
  1815 | D:3      | Killed Terence
  1816 | D:3      | Reached XP level 6. HP: 29/34 MP: 5/8
  1996 | D:3      | Reached skill level 3 in Axes
  2134 | D:3      | Reached skill level 5 in Fighting
  2182 | D:3      | Found a snail-covered altar of Cheibriados.
  2653 | D:4      | Reached XP level 7. HP: 24/39 MP: 5/9
  2699 | D:4      | Found a staircase to the Ecumenical Temple.
  2712 | Temple   | Entered the Ecumenical Temple
  3089 | D:4      | Reached skill level 4 in Axes
  3151 | D:4      | Got a fine platinum ring
  3158 | D:4      | Identified the ring "Iteubb" {rElec rPois rF+ Str+3} (You
                  | found it on level 4 of the Dungeon)
  3310 | D:4      | Found a glowing drain.
  3315 | Sewer    | Entered a sewer
  3805 | D:4      | Found a hazy altar of Hepliaklqana.
  3843 | D:4      | Noticed Eustachio
  3859 | D:4      | Killed Eustachio
  3860 | D:4      | Reached skill level 5 in Axes
  3880 | D:4      | Reached skill level 6 in Axes
  3880 | D:4      | Gained mutation: You have razor-sharp teeth. [Vine Stalker
                  | growth]
  3880 | D:4      | Reached XP level 8. HP: 43/43 MP: 10/10
  3929 | Temple   | Became a worshipper of Kikubaaqudgha
  4252 | D:4      | Found a shimmering blue altar of Sif Muna.
  4428 | D:5      | Entered Level 5 of the Dungeon
  4463 | D:5      | Got a pitted copper amulet
  4469 | D:5      | Identified the amulet "Dintoq" {Reflect +Blink Will+ Dex+3
                  | SH+5 SInv} (You found it on level 5 of the Dungeon)
  4771 | D:5      | Found an opulent altar of Gozag.
  4784 | D:5      | Found a radiant altar of Vehumet.
  4818 | D:5      | Reached skill level 7 in Axes
  5146 | D:6      | Reached * piety under Kikubaaqudgha
  5146 | D:6      | Identified Kikubaaqudgha's Reference Book on Black Arts
                  | (Kikubaaqudgha gifted it to you on level 6 of the Dungeon)
  5146 | D:6      | Received a gift from Kikubaaqudgha
  5147 | D:6      | Reached skill level 8 in Axes
  5343 | D:6      | Found a glowing golden altar of the Shining One.
  5348 | D:6      | Reached XP level 9. HP: 47/47 MP: 11/11
  5497 | D:6      | Reached skill level 9 in Axes
  5753 | D:6      | Found a basalt altar of Yredelemnul.
  6334 | D:7      | Reached ** piety under Kikubaaqudgha
  6448 | D:7      | Reached skill level 10 in Axes
  6497 | D:7      | Found a hide-covered altar of Uskayaw.
  6597 | D:7      | Found Zin's Purification Station.
  6598 | D:7      | Found a glowing silver altar of Zin.
  7011 | D:7      | Found a white marble altar of Elyvilon.
  7127 | D:7      | Noticed Maggie
  7141 | D:7      | Killed Maggie
  7403 | D:7      | Reached skill level 11 in Axes
  7560 | D:8      | Found an iron altar of Okawaru.
  7581 | D:8      | Found a blossoming altar of Fedhas.
  7622 | D:8      | Reached XP level 10. HP: 45/51 MP: 12/12
  8042 | D:8      | Found a shadowy altar of Dithmenos.
  8227 | D:9      | Reached *** piety under Kikubaaqudgha
  8227 | D:9      | Identified Kikubaaqudgha's Almanac of Black Secrets
                  | (Kikubaaqudgha gifted it to you on level 9 of the Dungeon)
  8227 | D:9      | Received a gift from Kikubaaqudgha
  8228 | D:9      | Reached skill level 12 in Axes
  8259 | D:9      | Found a staircase to the Lair.
  8485 | D:9      | Noticed Prince Ribbit
  8498 | D:9      | Killed Prince Ribbit
  8537 | D:9      | Found a staircase to the Orcish Mines.
  8792 | D:9      | Reached skill level 13 in Axes
  8931 | D:9      | Reached XP level 11. HP: 47/56 MP: 10/13
  9153 | D:10     | Entered Level 10 of the Dungeon
  9167 | D:10     | Noticed Psyche
  9179 | D:10     | Reached **** piety under Kikubaaqudgha
  9209 | D:10     | Found a white marble altar of Elyvilon.
  9277 | D:10     | Reached skill level 1 in Armour
  9277 | D:10     | Reached skill level 2 in Dodging
  9481 | D:10     | Killed Psyche
  9700 | D:10     | Noticed Harold
  9716 | D:10     | Killed Harold
  9717 | D:10     | Reached skill level 2 in Armour
  9928 | D:10     | Found a portal to a secret trove of treasure.
 10051 | D:10     | Reached skill level 6 in Fighting
 10051 | D:10     | Reached skill level 3 in Dodging
 10130 | D:10     | Reached skill level 14 in Axes
 10132 | D:10     | Noticed an unseen horror
 10146 | D:10     | Killed an unseen horror
 10146 | D:10     | Reached ***** piety under Kikubaaqudgha
 10220 | D:10     | Noticed a white ugly thing
 10463 | D:10     | Killed a white ugly thing
 10639 | D:11     | Noticed a deep elf mage
 10640 | D:11     | Noticed a green ugly thing
 10728 | D:10     | Killed a green ugly thing
 10729 | D:10     | Reached skill level 3 in Armour
 10876 | D:11     | Killed a deep elf mage
 10897 | D:11     | Noticed a cyclops
 10917 | D:11     | Killed a cyclops
 10918 | D:11     | Gained mutation: You heal very quickly. [Vine Stalker
                  | growth]
 10918 | D:11     | Reached XP level 12. HP: 51/62 MP: 14/14
 10952 | D:11     | Reached skill level 4 in Dodging
 11743 | D:11     | Reached skill level 7 in Fighting
 11851 | D:11     | Noticed Gastronok
 11942 | Orc:1    | Entered Level 1 of the Orcish Mines
 11952 | Orc:1    | Reached skill level 4 in Armour
 12120 | Orc:1    | Noticed an ettin
 12127 | Orc:1    | Mangled by an ettin

Illustrated notes

Levels and vault maps discovered:
D:1:      minmay_arrival_doors, layout_basic
D:2:      lemuel_upstairs_altar, layout_basic, chequers_ecumenical_altar_simple,
          uniq_robin, uniq_natasha
D:3:      layout_basic, kennysheep_slug_shrine, hangedman_glass_teeth,
          chequers_serial_rivers_small_3, uniq_terence
D:4:      layout_basic, lemuel_round_altar, led_sif_book,
          minmay_temple_entry_tees, lightli_sewer_entry_pipes,
          grunt_ministairs_7, uniq_eustachio
D:5:      layout_loops_ring, grunt_temple_overflow_open,
          hangedman_decor_peaks_small
D:6:      layout_layer_cave, kennysheep_mini_moat, old_standard_altar,
          minmay_misc_feat_columns
D:7:      layout_basic, elyvilon_altar_4, zin_purify,
          eat_drink_and_be_merry_uskayaw, uniq_maggie
D:8:      layout_loops_cross, kennysheep_mini, lemuel_doored_altar,
          fedhas_ov_isle_minmay
D:9:      layout_roguey, erik_lair_orcish_takeover, uniq_prince_ribbit1
D:10:     kennysheep_windowed_halls, layout_small_grid,
          nicolae_trove_entry_columns, basic_altar, uniq_harold, uniq_psyche
D:11:     layout_cave_pods, serial_glass, glass_columns_b, glass_columns_a,
          glass_columns_a, glass_columns_a, glass_columns_a, glass_columns_c,
          uniq_gastronok
Temple:   compressed_dpeg_triangle_lava_temple
Orc:1:    layout_caves

Skill      XL: |  1  2  3  4  5  6  7  8  9 10 11 12 |
---------------+-------------------------------------+-----
Fighting       | 1 2 3 4 5 6 7 |  7.0
Axes           | 1 2 3 6 8 11 13 14 | 14.7
Armour         | 3 4 |  4.0
Dodging        | 3 4 |  4.5
Crossbows      | |  1.7
Spellcasting   | |  1.1
Hexes          | |  3.0

Action                   |  1- 3 |  4- 6 |  7- 9 | 10-12 || total
-------------------------+-------+-------+-------+-------++-------
Melee: Hand axe          |       |   135 |   362 |       ||   497
       Bite              |       |    38 |   114 |   211 ||   363
       War axe           |       |       |    49 |   518 ||   567
 Fire: Hand crossbow     |    57 |       |       |       ||    57
Throw: Throwing net      |       |       |     1 |     3 ||     4
  Use: Scroll            |       |     5 |     6 |    10 ||    21
 Stab: Held in net/web   |       |       |     3 |       ||     3
Armor: Robe              |     7 |     3 |       |       ||    10
       Ring mail         |       |    22 |       |       ||    22
       Chain mail        |       |     5 |   200 |   159 ||   364
Dodge: Dodged            |    12 |    56 |   112 |   133 ||   313
Block: Other             |       |       |    46 |   104 ||   150
       Reflection        |       |       |     1 |     3 ||     4
